 Dungeon Crawl Stone Soup version 0.27-a0-931-g5a74e75d8f (webtiles) character file.

Game seed: 3545762761372247813

46127 mhtbhm the Earth Mage (level 14, -4/76 HPs)
             Began as a Gargoyle Earth Elementalist on Apr 10, 2021.
             Was an Elder of Vehumet.
             Slain by a death yak (21 damage)
             ... on level 6 of the Lair of Beasts.
             The game lasted 00:43:59 (20548 turns).

mhtbhm the Earth Mage (GrEE)                       Turns: 20548, Time: 00:44:00

Health: -4/76      AC: 20    Str: 14    XL:     14   Next: 36%
Magic:  8/50       EV: 13    Int: 19    God:    Vehumet [****..]
Gold:   1124       SH:  5    Dex: 10    Spells: 7/41 levels left

rFire    . . .     SeeInvis .   a - +2 mace (drain)
rCold    . . .     Faith    .   (no shield)
rNeg     + + +     Spirit   .   c - +2 robe of Pessimism {rPois rN++}
rPois    ∞         Reflect  +   H - +0 helmet "Xapoguhit" {Rampage Str+2 Int-2}
rElec    +         Harm     .   (no cloak)
rCorr    .         Rampage  +   e - +1 pair of gloves
Will     +....                  L - +2 pair of boots
Stlth    ++........             N - amulet of reflection
HPRegen  0.22/turn              x - ring of magical power
MPRegen  0.32/turn              O - ring of magical power

@: about to teleport, marked, flying
A: AC +10, big wings, negative energy resistance 1, electricity resistance,
torment resistance 1, unbreathing 1, petrification resistance
a: Renounce Religion


You were on level 6 of the Lair of Beasts.
You worshipped Vehumet.
Vehumet was greatly pleased with you.
You visited 2 branches of the dungeon, and saw 15 of its levels.
You also visited: Ossuary.

You collected 1124 gold pieces.

Inventory:

Hand Weapons
 a - a +2 mace of draining (weapon)
Missiles
 g - 62 poisoned darts
 s - 9 atropa-tipped darts
 z - 11 javelins
 I - 115 stones
 J - 4 curare-tipped darts (quivered)
Armour
 c - the +2 robe of Pessimism (worn) {rPois rN++}
   (You took it off a kobold demonologist on level 8 of the Dungeon)

   It protects you from poison.
   It greatly protects you from negative energy.
 e - a +1 pair of gloves (worn)
 H - the +0 helmet "Xapoguhit" (worn) {Rampage Str+2 Int-2}
   (You found it on level 7 of the Dungeon)

   It affects your strength (+2).
   It affects your intelligence (-2).
   It bestows one free step when moving towards enemies.
 L - a +2 pair of boots (worn)
Jewellery
 j - a ring of protection from cold
 u - a ring of protection from fire
 x - a ring of magical power (left hand)
 B - a ring of willpower
 N - an amulet of reflection (around neck)
 O - a ring of magical power (right hand)
 R - a ring of wizardry
Wands
 d - a wand of digging (6)
 v - a wand of polymorph (11)
 P - a wand of paralysis (5)
 S - a wand of iceblast (7)
Scrolls
 f - a scroll of summoning {unknown}
 m - 3 scrolls of enchant weapon
 o - 2 scrolls of enchant armour
 p - a scroll of blinking
 q - 3 scrolls of immolation
 y - 3 scrolls of vulnerability
 A - 3 scrolls of fog
 K - 2 scrolls of magic mapping
 M - 2 scrolls of amnesia
Potions
 b - a potion of degeneration {unknown}
 h - 2 potions of lignification
 k - a potion of berserk rage {unknown}
 l - 4 potions of curing
 n - 3 potions of attraction
 r - 2 potions of flight
 t - 2 potions of ambrosia
 w - 2 potions of resistance
 C - a potion of cancellation
 D - a potion of heal wounds
 E - 4 potions of invisibility
 F - 2 potions of haste
 G - 3 potions of brilliance {unknown}
 Q - 2 potions of might {unknown}


   Skills:
 + Level 4.9 Fighting
 + Level 7.0 Maces & Flails
 + Level 0.4 Throwing
 + Level 5.9 Dodging
 - Level 2.1 Stealth
 + Level 2.3 Shields
 + Level 14.3 Spellcasting
 + Level 3.5 Conjurations
 + Level 1.0 Transmutations
 + Level 0.2 Air Magic
 + Level 16.8 Earth Magic
 + Level 0.7 Poison Magic
 + Level 1.2 Evocations


You had 7 spell levels left.
You knew the following spells:

 Your Spells              Type           Power      Damage    Failure   Level
a - Sandblast             Erth           100%       2d20      0%          1
b - Passwall              Tmut/Erth      39%        N/A       1%          2
c - Stone Arrow           Conj/Erth      100%       3d13      1%          3
d - Lee's Rapid Deconstr  Erth           33%        3d18*     1%          5
e - Petrify               Tmut/Erth      47%        N/A       1%          4
f - Mephitic Cloud        Conj/Pois/Air  19%        N/A       2%          3
g - Bolt of Magma         Conj/Fire/Erth 19%        4d10      2%          5
h - Iron Shot             Conj/Erth      25%        9d5       3%          6
i - Fireball              Conj/Fire      10%        3d6       17%         5

Your spell library contained the following spells:

 Spells                   Type           Power      Damage    Failure   Level
 Eringya's Noxious Bog    Tmut/Pois      8%         N/A       75%         6
 Magic Dart               Conj           100%       1d8       1%          1
 Searing Ray              Conj           54%        3d5       1%          2
 Dazzling Flash           Conj/Hex       40%        N/A       1%          3
 Animate Skeleton         Necr           26%        N/A       4%          1
 Apportation              Tloc           26%        N/A       4%          1
 Corona                   Hex            14%        N/A       4%          1
 Summon Small Mammal      Summ           52%        N/A       4%          1
 Fulminant Prism          Conj/Hex       10%        3d9       6%          4
 Iskenderun's Mystic Bla  Conj/Tloc      20%        2d6       6%          4
 Iskenderun's Battlesphe  Conj           27%        2d8       9%          5
 Orb of Destruction       Conj           13%        9d6       90%         7
 Spellforged Servitor     Conj/Summ      10%        N/A       98%         7


Dungeon Overview and Level Annotations

Branches:
Dungeon (9/15)             Temple (0/1) D:7            Lair (6/6) D:9
 Shoals (0/4) Lair:3       Spider (0/4) Lair:4        Slime (0/5) Lair:6
Ossuary (visited)
    Orc: D:9-12

Altars:
Makhleb
Nemelex Xobeh
Okawaru
Ru
Trog
Vehumet
Wu Jian
Xom
Zin
Beogh

Shops:
D:1 :   D:4 [   D:7 =

Annotations:
Lair:6 2 transporters, exclusion: 4 oklob plants, Twinkles's ghost, journeyman KoBe


Innate Abilities, Weirdness & Mutations

Your stone body is resilient. (AC +10)
You are immune to poison.
Your large and strong wings let you fly.
You resist negative energy. (rN+)
You are resistant to electric shocks. (rElec)
You are resistant to unholy torment.
You can survive without breathing.
You are immune to petrification.


Message History

The death yak is moderately wounded.
The blast of rock fragments hits the death yak!!!
You kill the death yak!
Vehumet accepts your kill.
The blast of rock fragments hits the death yak but does no damage.
You hear a bellow!
The death yak gores you!
Unknown command.
Unknown command.
The death yak bellows!
A death yak comes into view.
The yak sets off the alarm!
The alarm trap emits a blaring wail!
A sentinel's mark forms upon you.
You hear a bellow!
You hear an angry hiss.
The yak snorts and paws the ground.
A catoblepas comes into view.
You hit the catoblepas but do no damage.
The catoblepas breathes a plume of calcifying dust at you.
The blast of calcifying dust hits you but does no damage.
The blast of calcifying dust hits the yak.
The yak is engulfed in calcifying dust.
The yak is moving more slowly.
The yak misses you.
Unknown command. 3 death yaks come into view.
You block the catoblepas's attack.
The yak is engulfed in calcifying dust.
The yak stops moving altogether!
Something completely misses the plant.
You rampage towards the death yak!
You hit the death yak but do no damage.
A yak comes into view.
The catoblepas gores you but does no damage.
The death yak is engulfed in calcifying dust.
The death yak is moving more slowly.
You block the death yak's attack.
The yak is engulfed in calcifying dust.
The yak gores the plant!
As you read the scroll of teleportation, it crumbles to dust.
You feel strangely unstable.
A nearby plant withers and dies.
The catoblepas gores you. The death yak gores you!!
* * * LOW HITPOINT WARNING * * *
The yak is engulfed in calcifying dust. x2; The yak is moving more slowly.
The death yak gores you!!
You die...

.... .... ..... .Y.# .#
...... #..## ..## ......#
### #..# #...# ......#
##.### #.###Y..## ......#
##....####....Y...#
......###......##PYY.Y###..
.......# #..YYYY#Y.P###
.......# #..##..@Y.##
.......# #...###.###
.......####...#######
........# ##...###.P#
........## ##YYYY..##
.........###..YYYY###
.............8YYY...###
....<........Y...8....###
...†..........8........P##


You could see 5 death yaks, a catoblepas and 5 yaks.

Vanquished Creatures
  A fire dragon (D:9)
  8 hydras
  A catoblepas (Lair:6)
  Urug (Lair:5)
  9 death yaks (Lair:6)
  Nergalle (Lair:2)
  5 oklob plants (Lair:6)
  2 ugly things (D:8)
  2 manticores (Lair:6)
  A merfolk siren (Lair:3)
  5 black mambas
  A kobold demonologist (D:8)
  13 cane toads
  2 rime drakes
  10 komodo dragons
  A polar bear (Lair:6)
  A hornet (D:7)
  17 blink frogs
  2 wyverns
  51 yaks
  4 fire bats (D:7)
  4 basilisks
  2 fire elementals (D:7)
  An acid dragon (D:9)
  21 water moccasins
  2 ice beasts
  5 orc warriors
  22 wolves
  A tengu (D:7)
  2 ogres
  A centaur (D:7)
  A phantom (D:5)
  5 kobold brigands
  10 bullfrogs
  3 scorpions
  3 water moccasin skeletons
  5 killer bees (D:9)
  10 wights (D:8)
  2 hounds
  A jelly (D:5)
  A centaur skeleton (D:7)
  A gnoll shaman (D:8)
  2 orc priests (D:8)
  Terence (D:3)
  2 bullfrog skeletons
  2 iguanas
  6 orc wizards
  2 killer bee zombies
  2 hound skeletons
  8 mummies (Ossuary)
  A howler monkey zombie (D:8)
  12 gnolls
  A howler monkey skeleton (D:5)
  5 adders
  A shadow imp (D:5)
  4 white imps
  2 ufetubi
  2 adder skeletons
  An adder zombie (D:5)
  3 worms (D:2)
  38 orcs
  6 endoplasms
  A giant cockroach (D:4)
  A gnoll zombie (Ossuary)
  5 goblins
  5 hobgoblins
  3 jackals (D:4)
  13 kobolds
  4 quokkas
  8 ball pythons
  6 bats
  2 frilled lizards
  2 hobgoblin zombies (Ossuary)
  4 kobold zombies (Ossuary)
  An orc zombie (Ossuary)
  5 rats
402 creatures vanquished.

Vanquished Creatures (others)
  A wizard (D:6)
  33 fungi
  51 plants
  5 withered plants (D:2)
90 creatures vanquished.

Grand Total: 492 creatures vanquished

Notes
Turn   | Place    | Note
-------+----------+-------------------------------------------
     0 | D:1      | mhtbhm the Gargoyle Earth Elementalist began the quest for
                  | the Orb.
     0 | D:1      | Reached XP level 1. HP: 10/10 MP: 3/3
   611 | D:1      | Reached skill level 4 in Earth Magic
   611 | D:1      | Reached XP level 2. HP: 15/15 MP: 3/5
   614 | D:1      | Learned a level 2 spell: Passwall
   813 | D:1      | Found a radiant altar of Vehumet.
   898 | D:1      | Became a worshipper of Vehumet
   992 | D:1      | Found Patialax's Book Emporium.
  1200 | D:2      | Reached XP level 3. HP: 16/19 MP: 6/6
  1204 | D:2      | Learned a level 3 spell: Stone Arrow
  1279 | D:2      | Found a faded altar of an unknown god.
  1652 | D:2      | Reached XP level 4. HP: 24/24 MP: 5/8
  1867 | D:2      | Reached skill level 5 in Earth Magic
  2329 | D:3      | Noticed Terence
  2371 | D:3      | Killed Terence
  2372 | D:3      | Reached XP level 5. HP: 17/28 MP: 0/9
  2633 | D:3      | Reached * piety under Vehumet
  2633 | D:3      | Offered knowledge of Magic Dart by Vehumet.
  2634 | D:3      | Reached skill level 1 in Fighting
  3047 | D:3      | Found an ornate altar of the Wu Jian Council.
  3364 | D:4      | Reached skill level 1 in Maces & Flails
  3364 | D:4      | Reached XP level 6. HP: 34/34 MP: 7/11
  3371 | D:4      | Learned a level 5 spell: Lee's Rapid Deconstruction
  3965 | D:4      | Found a glowing silver altar of Zin.
  4017 | D:4      | Reached skill level 6 in Earth Magic
  4294 | D:4      | Found Nesk's Armour Shoppe.
  4307 | D:4      | Reached XP level 7. HP: 33/39 MP: 13/13
  4362 | D:5      | Entered Level 5 of the Dungeon
  5526 | D:5      | Found an iron altar of Okawaru.
  5759 | D:5      | Reached XP level 8. HP: 44/45 MP: 14/14
  6389 | D:6      | Reached skill level 7 in Earth Magic
  6631 | D:6      | Found a bloodstained altar of Trog.
  6635 | D:6      | Noticed a wizard
  6640 | D:6      | Killed a wizard
  6681 | D:6      | Reached skill level 5 in Spellcasting
  6903 | D:7      | Found Kuhimeqa's Jewellery Shoppe.
  6911 | D:7      | Found a transporter.
  6929 | D:7      | Noticed Maggie
  6937 | D:7      | Offered knowledge of Foxfire by Vehumet.
  6938 | D:7      | Noticed Maggie
  6938 | D:7      | Maggie changed into Maggie the tengu
  6955 | D:7      | Killed Maggie the tengu
  6955 | D:7      | Reached ** piety under Vehumet
  7010 | D:7      | Reached skill level 8 in Earth Magic
  7010 | D:7      | Reached XP level 9. HP: 9/49 MP: 17/17
  7158 | D:7      | Found a staircase to the Ecumenical Temple.
  7204 | D:7      | Found a sand-covered staircase.
  7214 | Ossuary  | Entered an ossuary
  7299 | Ossuary  | Learned a level 4 spell: Petrify
  7611 | D:7      | Noticed a hornet
  7624 | D:7      | Killed a hornet
  7625 | D:7      | Reached skill level 9 in Earth Magic
  7752 | D:7      | Found a transporter.
  7972 | D:7      | Reached skill level 10 in Earth Magic
  8020 | D:7      | Identified the +0 helmet "Xapoguhit" {Rampage Str+2 Int-2}
  8177 | D:8      | Found a large runed translucent door.
  8178 | D:8      | Found a large runed translucent door.
  8182 | D:8      | Offered knowledge of Mephitic Cloud by Vehumet.
  8215 | D:7      | Reached XP level 10. HP: 55/55 MP: 8/21
  8225 | D:7      | Learned a level 3 spell: Mephitic Cloud
  8231 | D:7      | Learned a level 5 spell: Bolt of Magma
  8363 | D:8      | Reached *** piety under Vehumet
  8454 | D:8      | Noticed a purple ugly thing
  8454 | D:8      | Noticed a green ugly thing
  8455 | D:8      | Found a shimmering altar of Xom.
  8696 | D:8      | You fall into a shaft and drop 1 floor!
  8973 | D:8      | Offered knowledge of Hailstorm by Vehumet.
  9331 | D:8      | Found a sparkling altar of Nemelex Xobeh.
  9612 | D:8      | Killed a green ugly thing
  9612 | D:8      | Killed a cyan ugly thing
  9613 | D:8      | Reached skill level 11 in Earth Magic
  9764 | D:8      | Identified the +5 dagger "Boojod" {chaos, rElec rN++ MP-9
                  | SInv}
  9764 | D:8      | Identified the +2 robe of Pessimism {rPois rN++}
  9764 | D:8      | Noticed a kobold demonologist
  9769 | D:8      | Killed a kobold demonologist
  9771 | D:8      | Reached **** piety under Vehumet
 10054 | D:9      | Offered knowledge of Lightning Bolt by Vehumet.
 10380 | D:9      | Found a staircase to the Lair.
 10380 | D:9      | Noticed a fire dragon
 10392 | D:9      | Killed a fire dragon
 10393 | D:9      | Reached skill level 5 in Maces & Flails
 10393 | D:9      | Reached skill level 5 in Dodging
 10393 | D:9      | Reached skill level 10 in Spellcasting
 10393 | D:9      | Reached XP level 11. HP: 46/60 MP: 3/25
 10758 | D:9      | Reached skill level 12 in Earth Magic
 10881 | D:9      | Found a burning altar of Makhleb.
 11105 | Lair:1   | Entered Level 1 of the Lair of Beasts
 11116 | Lair:1   | Noticed a seven-headed hydra
 11118 | Lair:1   | Noticed a six-headed hydra
 11555 | Lair:1   | Killed a seven-headed hydra
 11568 | Lair:1   | Killed a six-headed hydra
 12051 | Lair:1   | Noticed a seven-headed hydra
 12054 | Lair:1   | Killed a seven-headed hydra
 12156 | Lair:1   | Reached skill level 13 in Earth Magic
 12718 | Lair:1   | Noticed a five-headed hydra
 12724 | Lair:1   | Killed a five-headed hydra
 13414 | Lair:2   | Reached XP level 12. HP: 56/64 MP: 27/27
 13704 | Lair:2   | Reached skill level 1 in Conjurations
 13716 | Lair:2   | Learned a level 6 spell: Iron Shot
 13888 | Lair:2   | Noticed Nergalle
 13893 | Lair:2   | Killed Nergalle
 13893 | Lair:2   | Reached ***** piety under Vehumet
 13894 | Lair:2   | Reached skill level 14 in Earth Magic
 14051 | Lair:2   | You fall into a shaft and drop 1 floor!
 14087 | Lair:3   | Offered knowledge of Fireball by Vehumet.
 14095 | Lair:3   | Learned a level 5 spell: Fireball
 15118 | Lair:3   | Found a staircase to the Shoals.
 16202 | Lair:4   | Reached XP level 13. HP: 70/70 MP: 29/29
 16276 | Lair:4   | Reached skill level 1 in Shields
 16278 | Lair:4   | Reached skill level 15 in Earth Magic
 16385 | Lair:4   | Found a hole to the Spider Nest.
 17930 | Lair:5   | Noticed Urug
 17944 | Lair:5   | Killed Urug
 18287 | Lair:5   | You fall into a shaft and drop 1 floor!
 18287 | Lair:6   | Entered Level 6 of the Lair of Beasts
 18287 | Lair:6   | Found a staircase to the Slime Pits.
 18346 | Lair:6   | Offered knowledge of Eringya's Noxious Bog by Vehumet.
 18444 | Lair:6   | Reached skill level 1 in Evocations
 18861 | Lair:6   | Reached skill level 16 in Earth Magic
 19159 | Lair:6   | Found a sacrificial altar of Ru.
 19201 | Lair:6   | Gained mutation: Your large and strong wings let you fly.
                  | [Gargoyle growth]
 19201 | Lair:6   | Reached XP level 14. HP: 38/76 MP: 20/31
 19421 | Lair:6   | Found a transporter.
 19424 | Lair:6   | Found a transporter.
 19424 | Lair:6   | Noticed Twinkles's ghost (journeyman KoBe)
 20276 | Lair:6   | Reached skill level 1 in Transmutations
 20548 | Lair:6   | Slain by a death yak

Illustrated notes

Levels and vault maps discovered:
D:1:      minmay_arrival_radiant_lines, layout_loops_ring, serial_shops,
          nicolae_shop_crystal, minmay_hexomino_r4
D:2:      layout_loops_ring, shapermc_ecumenical_altar_flowoftime
D:3:      layout_rooms, lemuel_crystal_altar, grunt_decor_resistance,
          uniq_terence
D:4:      minmay_octagon_keep, layout_loops_corners, overflow_temple_1_default,
          serial_shops, nicolae_shop_trees, chequers_serial_rivers_micro_c
D:5:      minmay_spotlight, layout_basic, lemuel_round_altar
D:6:      layout_rooms, trog_wizard
D:7:      gammafunk_cloud_chamber, layout_rooms, minmay_temple_entry_offerings,
          serial_shops, shop, chequers_ossuary_entry_cave,
          chequers_serial_rivers_micro_b, uniq_maggie
D:8:      due_chaos_kobolds, layout_cave_pools, nemelex_spade_bored_becter,
          special_room [special_room_orc], palyth_stone_intersect,
          kennysheep_generic_room_4
D:9:      layout_rooms, lightli_temple_of_fire, minmay_lair_entry_lava
Lair:1:   layout_cave_pods, st_stairs_5, chequers_serial_rivers_large_a,
          grunt_forest_small_clearing_treed, serial_bayou_shore_b
Lair:2:   layout_layer_cave, serial_rivers, chequers_serial_rivers_micro_c,
          chequers_serial_rivers_small_b, chequers_serial_rivers_micro_e,
          chequers_serial_rivers_micro_a, uniq_nergalle
Lair:3:   layout_chaotic_city, minmay_shoals_entry_lonely_mermaid,
          grunt_megastairs_4, lemuel_fruit_tree
Lair:4:   layout_loops_ring, dummy_spider_entry, beast_lair_carwin_11
Lair:5:   layout_regular_city, uniq_urug
Lair:6:   evilmike_catoblepas_cave, layout_cave_shapes,
          minmay_slime_entry_oklob_open, basic_altar, gammafunk_ghost_arena,
          minmay_lair_oklob_chamber, grunt_megastairs_2

Skill      XL: |  1  2  3  4  5  6  7  8  9 10 11 12 13 14 |
---------------+-------------------------------------------+-----
Earth Magic    | 4 5 6 8 10 11 13 14 16 | 16.8
Spellcasting   | 3 4 5 7 10 11 12 13 14 | 14.3
Dodging        | 2 3 4 5 |  5.9
Fighting       | 1 2 3 4 |  4.9
Maces & Flails | 1 2 3 4 5 6 7 |  7.0
Conjurations   | 2 3 |  3.5
Shields        | 2 |  2.3
Evocations     | 1 |  1.2
Transmutations | 1 |  1.0
Throwing       | |  0.4
Stealth        | |  2.1
Air Magic      | |  0.2
Poison Magic   | |  0.7

Action                   |  1- 3 |  4- 6 |  7- 9 | 10-12 | 13-15 || total
-------------------------+-------+-------+-------+-------+-------++-------
Melee: Unarmed           |    19 |       |       |       |       ||    19
       Whip              |    14 |   208 |   143 |       |       ||   365
       Flail             |       |       |       |   113 |       ||   113
       Mace              |       |       |       |   151 |   162 ||   313
Throw: Dart              |       |       |     3 |     5 |     1 ||     9
 Cast: Sandblast         |    29 |    55 |    73 |   115 |    24 ||   296
       Stone Arrow       |       |     2 |     1 |    34 |    10 ||    47
       Lee's Rapid Decon |       |       |    23 |    94 |   115 ||   232
       Passwall          |       |       |     3 |       |       ||     3
       Mephitic Cloud    |       |       |       |     2 |     4 ||     6
       Iron Shot         |       |       |       |     3 |    15 ||    18
       Petrify           |       |       |       |       |     9 ||     9
       Bolt of Magma     |       |       |       |       |     1 ||     1
Evoke: Wand              |       |       |     4 |     3 |     3 ||    10
  Use: Scroll            |     2 |     1 |    13 |     7 |     4 ||    27
       Potion            |       |     2 |     2 |     5 |     2 ||    11
 Stab: Sleeping          |     1 |     1 |       |       |       ||     2
       Distracted        |       |       |       |     1 |       ||     1
Armor: Robe              |    18 |   102 |    70 |   178 |   134 ||   502
       Skin              |       |       |       |    18 |       ||    18
Dodge: Dodged            |    25 |   131 |   142 |   261 |   136 ||   695
Block: Other             |       |       |       |     3 |    53 ||    56
       Reflection        |       |       |       |       |     1 ||     1

Table legend: (Time is in decaauts)
 A = Elapsed time spent in this place.
 B = Non-inter-level travel time spent in this place.
 C = Inter-level travel time spent in this place.
 D = Time resting spent in this place.
 E = Time spent auto-exploring this place.
 F = Levels seen in this place.
 G = Mean time per level.
                   A        B        C        D        E       F      G
               +--------+--------+--------+--------+--------+-----+--------+
         Total |  20614 |  20470 |    144 |   7200 |   8941 |  16 | 1288.4 |
       Dungeon |  10751 |  10627 |    124 |   2888 |   5230 |   9 | 1194.6 |
          Lair |   9488 |   9468 |     20 |   4161 |   3598 |   6 | 1581.3 |
       Ossuary |    375 |    375 |      0 |    151 |    113 |   1 |  375.0 |
               +--------+--------+--------+--------+--------+-----+--------+

Top non-repeatable levels by time:
  Lair:1: 2276 daAuts
  Lair:6: 2099 daAuts
     D:8: 1601 daAuts
  Lair:4: 1575 daAuts
     D:4: 1504 daAuts
  Lair:3: 1400 daAuts
  Lair:2: 1387 daAuts
     D:5: 1383 daAuts
     D:9: 1197 daAuts
     D:1: 1158 daAuts
     D:2: 1151 daAuts
     D:7: 1113 daAuts
     D:3: 1059 daAuts
  Lair:5: 748 daAuts
     D:6: 581 daAuts
